 Dungeon Crawl Stone Soup version 0.30.0-29-ga12c61a403 (webtiles) character file.

Game seed: 12601666340044867620

12250 seaoflcl the Cleaver (level 11, -3/95 HPs)
             Began as a Minotaur Fighter on June 13, 2023.
             Was an Elder of Okawaru.
             Slain by a yak (13 damage)
             ... on level 10 of the Dungeon.
             The game lasted 00:15:00 (10636 turns).

seaoflcl the Cleaver (Minotaur Fighter)            Turns: 10636, Time: 00:15:01

Health: -3/95      AC: 19    Str: 24    XL:     11   Next: 60%
Magic:  8/10       EV: 10    Int:  5    God:    Okawaru [****..]
Gold:   646        SH:  8    Dex: 17    Spells: 10/10 levels left

rFire   . . .        a - +0 war axe
rCold   . . .        c - +0 buckler
rNeg    . . .        j - +0 plate armour
rPois   .            (helmet restricted)
rElec   .            o - +0 cloak
rCorr   .            A - +0 pair of gloves
SInv    .            (no boots)
Will    .....        (no amulet) Stlth
                     u - +6 ring of dexterity
HPRegen 0.35/turn    (no ring)
MPRegen 0.12/turn

%: no passive effects
@: heroic
A: horns 2, retaliatory headbutt
a: Renounce Religion, Heroism, Finesse


You were on level 10 of the Dungeon.
You worshipped Okawaru.
Okawaru was greatly pleased with you.
You visited 1 branch of the dungeon, and saw 10 of its levels.
You also visited: Ossuary.

You collected 704 gold pieces.
You spent 58 gold pieces at shops.

Inventory:

Hand Weapons
 a - a +0 war axe (weapon)
 i - the +1 rapier of Guyra {heavy, *Rage rPois Str+4 Stlth+}
   (You found it on level 5 of the Dungeon)

   Str:       It affects your strength (+4).
   rPois:     It protects you from poison.
   *Rage:     It berserks you when you make melee attacks (+20% chance).
   Stlth:     It makes you more stealthy.
 z - a +2 whip of flaming
 N - a +3 falchion
 O - a +4 mace
 T - the +10 sling of Defence by Offence {flame, Contam rF+++ rN+ Will+}
   (You found it on level 9 of the Dungeon)

   rF:        It renders you almost immune to fire.
   rN:        It protects you from negative energy.
   Contam:    It causes magical contamination when unequipped.
   Will:      It increases your willpower.
Missiles
 g - 4 datura-tipped darts
 v - 27 poisoned darts
 G - 12 javelins (quivered)
 I - 3 atropa-tipped darts
 R - a curare-tipped dart
Armour
 c - a +0 buckler (worn)
 h - +2 swamp dragon scales
 j - a +0 plate armour (worn)
 o - a +0 cloak (worn)
 A - a +0 pair of gloves (worn)
 B - a +0 chain mail of willpower
Jewellery
 l - a ring of resist corrosion
 n - a ring of positive energy
 u - a +6 ring of dexterity (left hand)
Wands
 s - a wand of digging (1)
 y - a wand of light (9)
 F - a wand of flame (18)
Scrolls
 k - a scroll of fog
 m - 2 scrolls of immolation {unknown}
 r - 3 scrolls of enchant weapon {unknown}
 D - 3 scrolls of teleportation
 H - 2 scrolls of blinking {unknown}
 K - 2 scrolls of poison {unknown}
 Q - a scroll of acquirement {unknown}
 S - a scroll of magic mapping {unknown}
Potions
 b - 2 potions of cancellation
 d - 3 potions of might
 e - a potion of heal wounds
 f - 2 potions of brilliance
 p - 2 potions of haste
 q - 4 potions of lignification
 t - 3 potions of attraction
 w - 8 potions of curing
 x - 2 potions of degeneration {unknown}
 C - a potion of resistance
 E - a potion of ambrosia
 J - 2 potions of flight {unknown}
 L - 3 potions of berserk rage
 P - 2 potions of magic {unknown}
Miscellaneous
 M - a piece from Xom's chessboard (15/15)


   Skills:
 + Level 8.9(13.9) Fighting
 + Level 4.8(9.8) Long Blades
 * Level 11.8(17.5) Axes
 + Level 6.8(15.2) Maces & Flails
 + Level 6.6(11.6) Throwing
 + Level 9.0(14.0) Armour
 + Level 9.0(14.0) Shields
 + Level 3.9 Evocations


You had 10 spell levels left.
You didn't know any spells.
Your spell library contained the following spells:

 Spells                   Type           Power      Damage    Failure   Level
 Sublimation of Blood     Necr           0%         N/A       100%        2
 Wereblood                Tmut           0%         N/A       100%        2
 Inner Flame              Hex/Fire       0%         N/A       100%        3
 Flame Wave               Conj/Fire      0%         2d4       100%        4
 Sticky Flame             Conj/Fire      0%         2d3       100%        4
 Yara's Violent Unravell  Hex/Tmut       0%         3d3       100%        5
 Enfeeble                 Hex            0%         N/A       100%        7
 Summon Hydra             Summ           Unusable   N/A       N/A         7

Dungeon Overview and Level Annotations

Branches:
Dungeon (10/15)            Temple (0/1) D:6         Ossuary (visited)
   Lair: D:8-11         Orc: D:9-12

Altars:
Ashenzari
Dithmenos
Elyvilon
Fedhas
Makhleb
Okawaru
Trog
Vehumet

Shops:
D:8 *

Annotations:
D:3 3 runed translucent doors, nroviw's ghost, weakling DsFi


Innate Abilities, Weirdness & Mutations

You have a pair of horns on your head.
You reflexively headbutt those who attack you in melee.


Message History

The yak is heavily wounded.
You barely miss the wyvern. You hit the yak. You block the wyvern's attack.
The yak barely misses you. You block the yak's attack.
The wyvern bites you but does no damage.
You completely miss the yak. Your headbutt misses the yak.
The yak is heavily wounded.
You hit the yak but do no damage. You slash the wyvern! You hit the yak.
The yak gores you but does no damage. The yak gores you!
The yak snorts and paws the ground.
The yak gores you!
* * * LOW HITPOINT WARNING * * *
You block the wyvern's attack. The yak attacks as you move away!
The yak gores you but does no damage. The wyvern attacks as you move away!
The wyvern bites you!
* * * LOW HITPOINT WARNING * * *
The yak gores you but does no damage. The wyvern barely misses you.
You feel much better. You block the yak's attack.
The wyvern hisses menacingly.
The wyvern bites you.
You fail to use your ability.
The wyvern bites you!
* * * LOW HITPOINT WARNING * * *
The yak closely misses you.
The wyvern bites you but does no damage.
You gain the combat prowess of a mighty hero.
You block the yak's attack.
A water moccasin comes into view.
The wyvern bites you!
* * * LOW HITPOINT WARNING * * *
You hit the wyvern.
The wyvern is heavily wounded.
You hit the yak.
The wyvern bites you but does no damage.
The yak barely misses you.
You barely miss the wyvern.
You headbutt the wyvern, but do no damage.
The wyvern is heavily wounded.
You hit the yak.
A wyvern comes into view.
You block the wyvern's attack. The yak gores you!
You die...

#.............................
..<........###................
...#...###.# ###..............
####......... ###............
##.###+###.# ##........... #.#
#.# #........... #.#
.###..####..######... #.+
_###....#...# ##. #.# #@#..##
#YlY.# ##Yl.# #.Y..# #...##
..lS# ......


YP...... .......P. You could see 4 yaks, a water moccasin, 2 wyverns and an
iguana.

Vanquished Creatures
  A two-headed ogre (D:8)
  Pikel (D:4)
  Maurice (D:8)
  Maggie (D:7)
  A troll (D:9)
  2 hornets (D:9)
  Grinder (D:3)
  3 yaks (D:9)
  A wyvern (D:10)
  Edmund (D:5)
  Duvessa (D:5)
  6 water moccasins
  An orc warrior (D:8)
  2 sky beasts (D:6)
  A black bear (D:6)
  An ogre (D:4)
  2 centaurs
  2 elf zombies (Ossuary)
  5 kobold brigands
  3 bullfrogs
  2 scorpions (D:6)
  8 wights
  Dowan (D:5)
  4 killer bees
  3 hounds
  2 human zombies (Ossuary)
  6 orc priests
  Crazy Yiuf (D:7)
  9 iguanas
  Natasha (thrice) (D:3)
  6 orc wizards
  3 mummies
  4 gnolls (D:2)
  An adder (D:2)
  A white imp (D:7)
  An ufetubus (D:4)
  4 worms
  3 dart slugs
  42 orcs
  4 ball pythons
  5 bats
  6 endoplasms
  4 giant cockroaches
  6 hobgoblins
  2 jackals (D:2)
  28 kobolds
  A quokka (D:4)
  12 frilled lizards
  5 goblins
  3 goblin zombies (Ossuary)
  8 hobgoblin zombies (Ossuary)
  12 kobold zombies (Ossuary)
  8 orc zombies (Ossuary)
  4 rats
  A rat zombie (Ossuary)
250 creatures vanquished.

Notes
Turn   | Place    | Note
-------+----------+-------------------------------------------
     0 | D:1      | seaoflcl the Minotaur Fighter began the quest for the Orb.
     0 | D:1      | Reached XP level 1. HP: 19/19 MP: 0/0
   467 | D:1      | Reached XP level 2. HP: 27/27 MP: 1/1
   594 | D:1      | Reached skill level 3 in Axes
  1007 | D:2      | Reached XP level 3. HP: 15/33 MP: 2/2
  1009 | D:2      | Reached skill level 1 in Throwing
  1015 | D:2      | Reached XP level 4. HP: 12/40 MP: 3/3
  1754 | D:2      | Reached skill level 4 in Axes
  2141 | D:3      | Noticed Grinder
  2152 | D:3      | Killed Grinder
  2153 | D:3      | Reached skill level 5 in Axes
  2153 | D:3      | Reached XP level 5. HP: 39/47 MP: 4/4
  2153 | D:3      | Reached XP level 6. HP: 44/53 MP: 5/5
  2216 | D:3      | Found a burning altar of Makhleb.
  2238 | D:3      | Noticed Natasha
  2247 | D:3      | Killed Natasha
  2771 | D:3      | Noticed Natasha
  2776 | D:3      | Killed Natasha
  2920 | D:3      | Found a runed translucent gate.
  2924 | D:3      | Found a runed translucent gate.
  2925 | D:3      | Found a runed translucent gate.
  2927 | D:3      | Noticed nroviw's ghost (weakling DsFi)
  3025 | D:3      | Noticed Natasha
  3031 | D:3      | Killed Natasha
  3162 | D:4      | Reached skill level 5 in Fighting
  3162 | D:4      | Reached skill level 5 in Armour
  3162 | D:4      | Reached skill level 5 in Shields
  3256 | D:4      | Noticed Pikel
  3279 | D:4      | Killed Pikel
  3280 | D:4      | Reached skill level 6 in Axes
  3280 | D:4      | Reached XP level 7. HP: 6/61 MP: 6/6
  3665 | D:4      | Reached XP level 8. HP: 54/70 MP: 7/7
  3975 | D:4      | Reached skill level 7 in Axes
  4057 | D:4      | Found an iron altar of Okawaru.
  4057 | D:4      | Found a shadowy altar of Dithmenos.
  4058 | D:4      | Found a radiant altar of Vehumet.
  4065 | D:4      | Became a worshipper of Warmaster Okawaru
  4176 | D:5      | Entered Level 5 of the Dungeon
  4179 | D:5      | Reached skill level 1 in Maces & Flails
  4221 | D:5      | Noticed Edmund
  4240 | D:5      | Killed Edmund
  4425 | D:5      | Reached * piety under Okawaru
  4467 | D:5      | Noticed Duvessa
  4467 | D:5      | Noticed Dowan
  4482 | D:5      | Killed Duvessa
  4485 | D:5      | Killed Dowan
  4487 | D:5      | Identified the +1 rapier of Guyra {heavy, *Rage rPois Str+4
                  | Stlth+}
  4951 | D:6      | Reached skill level 8 in Axes
  4986 | D:6      | Reached XP level 9. HP: 59/78 MP: 8/8
  5013 | D:6      | Reached ** piety under Okawaru
  5021 | D:6      | Found a staircase to the Ecumenical Temple.
  5140 | D:6      | Found a sand-covered staircase.
  5147 | Ossuary  | Entered an ossuary
  5549 | D:6      | Reached skill level 9 in Axes
  6205 | D:7      | Noticed Maggie
  6218 | D:7      | Killed Maggie
  6219 | D:7      | Reached skill level 5 in Throwing
  6278 | D:7      | Found a blossoming altar of Fedhas.
  6330 | D:7      | Reached *** piety under Okawaru
  6487 | D:7      | Reached skill level 1 in Evocations
  6727 | D:7      | Found a runed translucent door.
  6728 | D:7      | Noticed Crazy Yiuf
  7130 | D:7      | Killed Crazy Yiuf
  7344 | D:8      | Reached skill level 1 in Long Blades
  7567 | D:8      | Noticed a two-headed ogre
  7582 | D:8      | Killed a two-headed ogre
  7582 | D:8      | Reached **** piety under Okawaru
  7583 | D:8      | Reached XP level 10. HP: 49/86 MP: 9/9
  7584 | D:8      | Reached skill level 10 in Axes
  7584 | D:8      | Reached skill level 5 in Maces & Flails
  7964 | D:8      | Found Pual's Assorted Antiques.
  7972 | D:8      | Bought a scroll of identify for 58 gold pieces
  8216 | D:8      | Noticed Maurice
  8240 | D:8      | Killed Maurice
  8635 | D:8      | Reached skill level 11 in Axes
  8635 | D:8      | Reached XP level 11. HP: 95/95 MP: 10/10
  9241 | D:9      | Paralysed by a hornet for 2 turns
  9250 | D:9      | Paralysed by a hornet for 1 turns
  9653 | D:9      | Found a white marble altar of Elyvilon.
  9691 | D:9      | Identified the +10 sling of Defence by Offence {flame,
                  | Contam rF+++ rN+ Will+}
  9716 | D:9      | Paralysed by a hornet for 3 turns
 10376 | D:9      | Found a bloodstained altar of Trog.
 10573 | D:10     | Entered Level 10 of the Dungeon
 10615 | D:10     | Found a broken altar of Ashenzari.
 10636 | D:10     | Slain by a yak

Illustrated notes

Levels and vault maps discovered:
D:1:      dpeg_arrival_shelter, layout_basic, dk_noncrumbling_2,
          minmay_lizard_king
D:2:      layout_basic
D:3:      layout_loops_ring, bloody_makhleb, gammafunk_ghost_necromancy,
          moated_statue, uniq_grinder, uniq_natasha
D:4:      layout_loops_ring, gammafunk_temple_overflow_forgotten, uniq_pikel
D:5:      layout_rooms, uniq_edmund, uniq_duvessa
D:6:      layout_loops_ring, minmay_temple_entry_arrows,
          gup_ossuary_entry_pyramid, corexii_checkpoint_a, st_stairs_13,
          hellmonk_bongcloud_opening
D:7:      layout_basic, mainiacjoe_overflow_small_starburst, uniq_maggie,
          uniq_crazy_yiuf_cottage
D:8:      layout_gridville, serial_shops, nicolae_shop_dealshenge,
          minmay_misc_feat_more_columns, uniq_maurice
D:9:      layout_basic, mainiacjoe_overflow_tiny_flanked,
          overflow_temple_1_default
D:10:     layout_layer_cave, lemuel_doored_altar, mainiacjoe_overflow_brackets,
          minmay_lair_entry_grove, hiddenorc2_lemuel,
          minmay_misc_feat_four_crosses

Skill      XL: |  1  2  3  4  5  6  7  8  9 10 11 |
---------------+----------------------------------+-----
Axes           | 3 5 6 8 9 11 | 11.8
Fighting       | 4 5 6 7 8 |  8.9
Armour         | 4 5 6 7 8 9 |  9.0
Shields        | 4 5 6 7 8 9 |  9.0
Throwing       | 1 2 3 4 5 6 |  6.6
Maces & Flails | 3 4 6 |  6.8
Evocations     | 1 3 |  3.9
Long Blades    | 1 4 |  4.8

Action                     |  1- 3 |  4- 6 |  7- 9 | 10-12 || total
---------------------------+-------+-------+-------+-------++-------
  Melee: War axe           |    45 |   105 |   337 |   158 ||   645
         Headbutt          |     7 |    14 |    67 |    42 ||   130
  Throw: Javelin           |       |     3 |     3 |     4 ||    10
         Dart              |       |       |     5 |     6 ||    11
 Invoke: Heroism           |       |       |       |     1 ||     1
  Evoke: Wand              |       |       |       |     1 ||     1
    Use: Potion            |     2 |       |       |     3 ||     5
         Scroll            |       |       |    11 |     3 ||    14
 Armour: Chain mail        |    11 |       |       |       ||    11
         Scale mail        |     1 |       |       |       ||     1
         Plate armour      |    24 |    52 |   185 |    96 ||   357
  Dodge: Dodged            |    17 |    24 |    87 |    63 ||   191
  Block: Buckler           |     6 |    18 |    51 |    66 ||   141
